 Dungeon Crawl Stone Soup version 0.19.1-1-g22dce08 (webtiles) character file.

493 Gurkenglas the Grave Robber (level 6, -2/42 HPs)
             Began as a Mummy Necromancer on Jan 8, 2017.
             Slain by a hippogriff (8 damage)
             ... on level 6 of the Dungeon.
             The game lasted 00:30:58 (7062 turns).

Gurkenglas the Grave Robber (Mummy Necromancer)     Turns: 7062, Time: 00:30:58

Health: -2/42      AC:  4    Str: 12    XL:     6   Next: 92%
Magic:  1/13       EV: 12    Int: 16    God:
Gold:   232        SH:  0    Dex: 12    Spells: 5 memorised, 1 level left

rFire  x . .     SeeInvis .     g - +0 war axe
rCold  + . .     Gourm    .     a - +0 robe
rNeg   + + +     Faith    +     (no shield)
rPois  ∞         Spirit   .     (no helmet)
rElec  .         Reflect  .     (no cloak)
rCorr  .         Harm     .     f - +1 pair of gloves
MR     .....                    (no boots)
Stlth  ++........               t - amulet of faith
                                (no ring)
                                q - ring of wizardry

@: no status effects
A: no food or potions, fire vulnerability, cold resistance 1, negative energy
resistance 3, torment resistance, unbreathing
a: no special abilities


You were on level 6 of the Dungeon.
You were not hungry.

You visited 1 branch of the dungeon, and saw 6 of its levels.

You collected 232 gold pieces.

Inventory:

Hand Weapons
 c - a +0 short sword
 g - a +0 war axe (weapon)
Armour
 a - a +0 robe (worn)
 f - a +1 pair of gloves (worn)
Jewellery
 m - a +6 amulet of reflection
 q - a ring of wizardry (left hand)
 t - an amulet of faith (around neck)
 u - a +2 ring of dexterity {unknown}
Wands
 p - a wand of acid (10/15)
 s - a wand of flame (23/48)
Scrolls
 d - a scroll of random uselessness {unknown}
 e - 4 scrolls of identify {unknown}
 h - 2 scrolls of enchant armour {unknown}
 i - a scroll of teleportation {unknown}
 j - 3 scrolls of immolation {unknown}
 k - 3 scrolls of fear {unknown}
 l - 2 scrolls of enchant weapon {unknown}
 n - a scroll of remove curse {unknown}
 o - a scroll of noise {unknown}
Books
 b - a book of Necromancy

   Spells                             Type                      Level
   a - Pain                           Necromancy                   1
   b - Animate Skeleton               Necromancy                   1
   c - Vampiric Draining              Necromancy                   3
   d - Regeneration                   Charms/Necromancy            3
   e - Animate Dead                   Necromancy                   4
   f - Control Undead                 Necromancy                   4
 r - a book of Changes

   Spells                             Type                      Level
   a - Beastly Appendage              Transmutation                1
   b - Sticks to Snakes               Transmutation                2
   c - Spider Form                    Transmutation/Poison         3
   d - Ice Form                       Ice/Transmutation            4
   e - Blade Hands                    Transmutation                5


   Skills:
 + Level 0.8 Fighting
 + Level 0.4 Short Blades
 + Level 0.1 Axes
 + Level 2.3 Dodging
 + Level 1.9 Stealth
 + Level 0.1 Unarmed Combat
 + Level 4.8 Spellcasting
 + Level 5.9 Necromancy


You had one spell level left.
You knew the following spells:

 Your Spells              Type           Power        Failure   Level  Hunger
a - Pain                  Necr           ###.         1%          1    N/A
b - Animate Skeleton      Necr           N/A          1%          1    N/A
c - Vampiric Draining     Necr           ###.......   1%          3    N/A
d - Animate Dead          Necr           N/A          6%          4    N/A
e - Control Undead        Necr           ###.......   6%          4    N/A

Dungeon Overview and Level Annotations

Branches:
Dungeon (6/15)
 Temple: D:4-7

Altars:
Dithmenos
Makhleb
Qazlal
Ru
Uskayaw


Innate Abilities, Weirdness & Mutations

You do not eat or drink.
Your flesh is vulnerable to fire.
You are immune to poison.
Your flesh is cold resistant. (rC+)
You are immune to negative energy. (rN+++)
You are immune to unholy pain and torment.
You can survive without breathing.


Message History

The hippogriff writhes in agony!
The adder bites you.
The hippogriff misses you. x2; The hippogriff closely misses you.
Casting: Pain
Confirm with . or Enter, or press ? or * to list all spells.
Aiming: Pain
Press: ? - help, Shift-Dir - straight line, f/p - hippogriff
Aim: a hippogriff (lightly wounded, chance to defeat MR: 80%)
The hippogriff writhes in agony!
The adder bites you but does no damage. The hippogriff bites you!
The hippogriff pecks you. The hippogriff closely misses you.
Casting: Pain
Confirm with . or Enter, or press ? or * to list all spells.
Aiming: Pain
Press: ? - help, Shift-Dir - straight line, f/p - hippogriff
Aim: a hippogriff (moderately wounded, chance to defeat MR: 80%)
The hippogriff writhes in agony!
The adder closely misses you. The hippogriff bites you.
The hippogriff pecks you!
* * * LOW HITPOINT WARNING * * *
The hippogriff claws you!
You die...

. ... #
>....####.#####
.....aH@S......
.....####.#####
... # .


You could see a hippogriff, a worker ant and an adder.

Vanquished Creatures
  A crimson imp (D:5)
  A hound (D:2)
  An orc priest (D:3)
  A bullfrog skeleton (D:5)
  An iguana (D:5)
  Natasha (thrice) (D:4)
  2 orc wizards
  3 worker ants
  A hound zombie (D:5)
  6 adders
  A worm (D:3)
  4 dart slugs
  3 leopard geckos
  9 orcs
  2 giant cockroaches (D:2)
  8 goblins
  9 hobgoblins
  11 jackals (D:1)
  8 kobolds
  5 quokkas
  2 ball pythons
  7 bats
  3 frilled lizards
  8 rats
100 creatures vanquished.

Vanquished Creatures (collateral kills)
  A worker ant (D:5)
  An adder (D:3)
  A kobold (D:2)
3 creatures vanquished.

Grand Total: 103 creatures vanquished

Notes
Turn   | Place    | Note
-------+----------+-------------------------------------------
     0 | D:1      | Gurkenglas the Mummy Necromancer began the quest for the Orb.
     0 | D:1      | Reached XP level 1. HP: 13/13 MP: 3/3
   208 | D:1      | Reached XP level 2. HP: 3/19 MP: 0/5
  1244 | D:1      | Reached XP level 3. HP: 24/24 MP: 2/6
  1283 | D:1      | Learned a level 1 spell: Animate Skeleton
  1287 | D:1      | Learned a level 3 spell: Vampiric Draining
  1875 | D:2      | Found a burning altar of Makhleb.
  1896 | D:2      | Reached XP level 4. HP: 13/30 MP: 0/8
  2455 | D:2      | Found a stormy altar of Qazlal.
  2926 | D:3      | Found a sacrificial altar of Ru.
  2966 | D:3      | Found a hide-covered altar of Uskayaw.
  2974 | D:3      | Reached skill level 5 in Necromancy
  3069 | D:3      | Reached XP level 5. HP: 33/35 MP: 4/10
  3134 | D:3      | Learned a level 4 spell: Animate Dead
  4207 | D:4      | Found a shadowy altar of Dithmenos.
  4406 | D:4      | Noticed Natasha
  4416 | D:4      | Killed Natasha
  4500 | D:4      | Reached XP level 6. HP: 36/41 MP: 6/12
  4670 | D:4      | Noticed Natasha
  4676 | D:4      | Killed Natasha
  4974 | D:4      | Noticed Natasha
  4985 | D:4      | Killed Natasha
  5201 | D:5      | Entered Level 5 of the Dungeon
  5831 | D:4      | Learned a level 4 spell: Control Undead
  7057 | D:6      | Noticed a hippogriff
  7062 | D:6      | Slain by a hippogriff

Skill      XL: |  1  2  3  4  5 |
---------------+----------------+-----
Spellcasting   | 3 4 |  4.8
Necromancy     | 5 |  5.9
Dodging        | 2 |  2.3
Fighting       | |  0.8
Short Blades   | |  0.4
Axes           | |  0.1
Stealth        | |  1.9
Unarmed Combat | |  0.1

Action                   |  1- 3 |  4- 6 || total
-------------------------+-------+-------++-------
Melee: Unarmed           |     9 |       ||     9
       Short sword       |    17 |   115 ||   132
       War axe           |       |     6 ||     6
 Cast: Pain              |    77 |   169 ||   246
       Animate Skeleton  |     8 |    19 ||    27
       Animate Dead      |       |     7 ||     7
       Control Undead    |       |    10 ||    10
  Use: Scroll            |       |     1 ||     1
 Stab: Sleeping          |       |     1 ||     1
Armor: Robe              |    17 |    43 ||    60
Dodge: Dodged            |    60 |   108 ||   168
Block: Other             |       |    32 ||    32
